 Dungeon Crawl Stone Soup version 0.21.1-1-g345015f (webtiles) character file.

311 manyhoops the Magician (level 6, -6/70 HPs)
             Began as a Gnoll Wanderer on May 4, 2018.
             Killed from afar by an orc wizard (10 damage)
             ... with a magic dart
             ... on level 4 of the Dungeon.
             The game lasted 00:04:56 (2381 turns).

manyhoops the Magician (Gnoll Wanderer)             Turns: 2381, Time: 00:04:58

Health: -6/70      AC: 23    Str: 17    XL:     6   Next: 42%
Magic:  16/16      EV:  2    Int: 14    God:
Gold:   137        SH:  5    Dex: 14    Spells: 17/19 levels left

rFire    . . .     SeeInvis .   a - +2 spear
rCold    . . .     Gourm    .   (no shield)
rNeg     + + +     Faith    .   (armour currently unavailable)
rPois    +         Spirit   .   (helmet currently unavailable)
rElec    .         Reflect  +   (cloak currently unavailable)
rCorr    .         Harm     .   (gloves currently unavailable)
MR       .....     NoTele   +   (boots currently unavailable)
Stlth    ++........             m - +5 amulet of reflection
HPRegen  0.21/turn              g - ring of wizardry
MPRegen  0.15/turn              (no ring)

@: tree-form (expiring), slowed, very slow
A: distributed training, strong nose
a: no special abilities


You were on level 4 of the Dungeon.
You were hungry.
You were a tree.
You visited 1 branch of the dungeon, and saw 4 of its levels.

You collected 137 gold pieces.

Inventory:

Hand Weapons
 a - a +2 spear (weapon)
Armour
 d - a +0 robe
 h - a +0 leather armour of magic resistance (melded)
 j - a +0 buckler
 o - a +0 pair of gloves (melded)
Jewellery
 g - a ring of wizardry (left branch)
 m - a +5 amulet of reflection (around neck)
Wands
 k - a wand of digging (7)
Scrolls
 e - a scroll of fog
 n - a scroll of enchant armour
 r - a scroll of identify
 s - a scroll of enchant weapon {unknown}
Potions
 i - 2 potions of curing
 l - a potion of haste
 p - a potion of magic {unknown}
Books
 c - Naniziwn's Tome of Ice

   Spells                             Type                      Level
   a - Throw Frost                    Conjuration/Ice              2
   b - Ensorcelled Hibernation        Hexes/Ice                    2
Comestibles
 f - 3 rations


   Skills:
 + Level 3.2 Fighting
 + Level 1.9 Short Blades
 + Level 1.9 Long Blades
 + Level 1.9 Axes
 + Level 1.9 Maces & Flails
 + Level 5.0 Polearms
 + Level 1.9 Staves
 + Level 1.9 Slings
 + Level 1.9 Bows
 + Level 1.9 Crossbows
 + Level 1.9 Throwing
 + Level 1.9 Armour
 + Level 3.2 Dodging
 + Level 3.0 Stealth
 + Level 1.9 Shields
 + Level 1.9 Unarmed Combat
 + Level 7.4 Spellcasting
 + Level 1.5 Conjurations
 + Level 1.5 Hexes
 + Level 1.5 Charms
 + Level 1.5 Summonings
 + Level 1.5 Necromancy
 + Level 1.5 Translocations
 + Level 1.5 Transmutations
 + Level 1.5 Fire Magic
 + Level 1.5 Ice Magic
 + Level 1.5 Air Magic
 + Level 1.5 Earth Magic
 + Level 1.5 Poison Magic
 + Level 2.1 Invocations
 + Level 5.0 Evocations


You had 17 spell levels left.
You knew the following spells:

 Your Spells              Type           Power        Failure   Level  Hunger
a - Throw Frost           Conj/Ice       #.....       4%          2    None


Dungeon Overview and Level Annotations

Branches:
Dungeon (4/15)
 Temple: D:4-7

Altars:
Elyvilon
Qazlal
Xom


Innate Abilities, Weirdness & Mutations

Your experience applies equally to all skills.
((You have very sharp teeth.))
Your uncanny sense of smell can sniff out nearby items.


Message History

The orc wizard hits you but does no damage.
You are electrocuted!
* * * LOW HITPOINT WARNING * * *
You completely miss the orc wizard.
The orc wizard is severely wounded.
The orc wizard hits you but does no damage.
You are electrocuted!
* * * LOW HITPOINT WARNING * * *
You hit the orc wizard but do no damage.
The orc wizard is severely wounded.
The orc wizard hits you but does no damage.
The orc wizard casts a spell at you.
You feel yourself slow down.
You closely miss the orc wizard.
The orc wizard is severely wounded.
Your transformation is almost over.
The orc wizard hits you but does no damage.
The orc wizard casts a spell at you. The magic dart hits you!
You die...

###### #..#... ....... .....
..... #..#..###.#...##.#.#.
...# #. #...... ...!.........
...# #.##..#..# #........#.#
...#.# ..#..#..# #.#........#
...... ..#..#..# #.#........#
####.###.#..#..# #.#........#
.......#.#.....###.#.###+##.#
.........#......♣oo!........
####.#.#.......###.#.###..#.
# #.#......#....#.#.# #
####.#.######..###.#.#
....(.().# #..# #.#.#
####'#.#(# #..# #.#..
#......#.# #<.# #....
#........# #..# #.#%#
#......#.#


You could see an orc wizard and an orc.

Vanquished Creatures
  An ogre (D:4)
  A centaur (D:4)
  An orc priest (D:2)
  A centaur skeleton (D:4)
  An adder (D:3)
  An ooze (D:3)
  An adder skeleton (D:4)
  2 worms
  3 leopard geckos
  2 orcs (D:2)
  3 giant cockroaches
  6 goblins
  4 hobgoblins
  7 jackals
  A quokka (D:3)
  A ball python (D:1)
  9 bats
  5 frilled lizards
  10 kobolds
  A leopard gecko skeleton (D:4)
  8 rats
69 creatures vanquished.

Notes
Turn   | Place    | Note
-------+----------+-------------------------------------------
     0 | D:1      | manyhoops the Gnoll Wanderer began the quest for the Orb.
     0 | D:1      | manyhoops set off with: a +2 spear, a potion of lignification, Naniziwn's Tome of Ice, a +0 robe, a ration
     0 | D:1      | Reached XP level 1. HP: 17/17 MP: 8/8
     0 | D:1      | Identified Naniziwn's Tome of Ice
    48 | D:1      | Reached XP level 2. HP: 20/23 MP: 10/10
   717 | D:2      | Reached XP level 3. HP: 28/28 MP: 11/11
   825 | D:2      | Reached skill level 1 in Short Blades
   825 | D:2      | Reached skill level 1 in Long Blades
   825 | D:2      | Reached skill level 1 in Axes
   825 | D:2      | Reached skill level 1 in Maces & Flails
   825 | D:2      | Reached skill level 1 in Staves
   825 | D:2      | Reached skill level 1 in Slings
   825 | D:2      | Reached skill level 1 in Bows
   825 | D:2      | Reached skill level 1 in Crossbows
   825 | D:2      | Reached skill level 1 in Throwing
   825 | D:2      | Reached skill level 1 in Armour
   825 | D:2      | Reached skill level 1 in Shields
   825 | D:2      | Reached skill level 1 in Unarmed Combat
   825 | D:2      | Reached skill level 1 in Invocations
   825 | D:2      | Reached XP level 4. HP: 16/34 MP: 13/13
  1545 | D:3      | Reached skill level 1 in Conjurations
  1545 | D:3      | Reached skill level 1 in Hexes
  1545 | D:3      | Reached skill level 1 in Charms
  1545 | D:3      | Reached skill level 1 in Summonings
  1545 | D:3      | Reached skill level 1 in Necromancy
  1545 | D:3      | Reached skill level 1 in Translocations
  1545 | D:3      | Reached skill level 1 in Transmutations
  1545 | D:3      | Reached skill level 1 in Fire Magic
  1545 | D:3      | Reached skill level 1 in Ice Magic
  1545 | D:3      | Reached skill level 1 in Air Magic
  1545 | D:3      | Reached skill level 1 in Earth Magic
  1545 | D:3      | Reached skill level 1 in Poison Magic
  1549 | D:3      | Learned a level 2 spell: Throw Frost
  1670 | D:3      | Found a white marble altar of Elyvilon.
  1941 | D:3      | Found a stormy altar of Qazlal.
  1941 | D:3      | Noticed an earth elemental
  1942 | D:3      | Noticed a fire elemental
  1942 | D:3      | Noticed a water elemental
  1942 | D:3      | Noticed an air elemental
  1950 | D:3      | Reached XP level 5. HP: 40/40 MP: 14/14
  2083 | D:3      | Found a shimmering altar of Xom.
  2293 | D:4      | Noticed a centaur
  2302 | D:4      | Killed a centaur
  2335 | D:4      | Noticed an ogre
  2343 | D:4      | Reached XP level 6. HP: 41/47 MP: 16/16
  2370 | D:4      | Reached skill level 5 in Polearms
  2370 | D:4      | Reached skill level 5 in Evocations
  2381 | D:4      | Killed from afar by an orc wizard

Skill      XL: |  1  2  3  4  5  6 |
---------------+-------------------+-----
Short Blades   | 1 |  1.9
Long Blades    | 1 |  1.9
Axes           | 1 |  1.9
Maces & Flails | 1 |  1.9
Staves         | 1 |  1.9
Slings         | 1 |  1.9
Bows           | 1 |  1.9
Crossbows      | 1 |  1.9
Throwing       | 1 |  1.9
Armour         | 1 |  1.9
Shields        | 1 |  1.9
Unarmed Combat | 1 |  1.9
Invocations    | 1 2 |  2.1
Conjurations   | 1 |  1.5
Hexes          | 1 |  1.5
Charms         | 1 |  1.5
Summonings     | 1 |  1.5
Necromancy     | 1 |  1.5
Translocations | 1 |  1.5
Transmutations | 1 |  1.5
Fire Magic     | 1 |  1.5
Ice Magic      | 1 |  1.5
Air Magic      | 1 |  1.5
Earth Magic    | 1 |  1.5
Poison Magic   | 1 |  1.5
Fighting       | 3 |  3.2
Dodging        | 3 |  3.2
Stealth        | 3 |  3.0
Polearms       | 5 |  5.0
Evocations     | 5 |  5.0
Spellcasting   | |  7.4

Action                   |  1- 3 |  4- 6 || total
-------------------------+-------+-------++-------
Melee: Spear             |    76 |   145 ||   221
       Bite              |     4 |     3 ||     7
       Punch             |       |     2 ||     2
 Cast: Throw Frost       |       |     4 ||     4
  Use: Potion            |     1 |     3 ||     4
       Scroll            |       |     6 ||     6
 Stab: Sleeping          |     3 |     6 ||     9
  Eat: Chunk             |       |     4 ||     4
Armor: Robe              |     7 |     6 ||    13
       Skin              |    10 |    48 ||    58
       Leather armour    |       |     2 ||     2
Dodge: Dodged            |    35 |    57 ||    92
Block: Other             |       |    14 ||    14
       Reflection        |       |     2 ||     2
